Map: Dusk Towers

Players

DudeManBro - Winner!

  • Race: Protoss Protoss
  • League: Platinum

LindyHop

  • Race: Zerg Zerg
  • League: Platinum

VOD

Have the link to the VOD?

Description

Time

  • Played on: Dec. 16, 2015, 7:23 p.m.
  • Length: 9:41
Show
View Real Time Build Order
Export as new Build Order

DudeManBro Protoss - Winner!

Build Orders: Forge Fast Expand (FFE) 

Get SALT Encoding   

  12  0:02  Probe (Chrono Boost)  
  13  0:12  Probe (Chrono Boost)  
  14  0:18  Pylon  
  14  0:23  Probe (Chrono Boost)  
  15  0:39  Forge  
  15  0:41  Probe (Chrono Boost)  
  16  0:52  Probe (Chrono Boost)  
  17  1:02  Probe (Chrono Boost)  
  18  1:13  Probe (Chrono Boost)  
  18  1:14  Pylon  
  19  1:23  Probe (Chrono Boost)  
  20  1:34  Nexus  
  20  1:37  Photon Cannon  
  20  1:57  Photon Cannon  
  20  2:06  Gateway  
  20  2:13  Probe (Chrono Boost)  
  20  2:15  Assimilator  
  21  2:20  Photon Cannon  
  21  2:25  Pylon  
  21  2:32  Probe (Chrono Boost)  
  21  2:36  Assimilator  
  21  2:48  Probe (Chrono Boost)  
  21  2:49  Probe (Chrono Boost)  
  23  2:52  Zealot (Chrono Boost)  
  25  3:00  Cybernetics Core, Probe  
  25  3:01  Pylon  
  25  3:04  Probe  
  26  3:12  Probe  
  28  3:15  Probe  
  28  3:19  Gateway  
  29  3:24  Probe, Assimilator  
  29  3:26  Probe  
  31  3:36  Probe  
  31  3:39  Twilight Council  
  32  3:41  Robotics Facility  
  32  3:42  Probe  
  32  3:46  Warp Gate (Chrono Boost)  
  33  3:56  Probe  
  33  3:57  Mothership Core  
  36  4:06  Adept  
  36  4:07  Probe  
  39  4:12  Pylon  
  39  4:17  Probe  
  39  4:18  Probe  
  41  4:28  Warp Prism  
  41  4:30  Probe x2  
  44  4:32  Dark Shrine  
  45  4:53  Probe, Pylon  
  45  4:55  Probe  
  45  4:57  Assimilator  
  45  4:59  Gateway  
  47  5:04  Gateway  
  47  5:05  Pylon  
  47  5:16  Probe  
  47  5:18  Probe  
  49  5:28  Probe  
  50  5:29  Probe, Blink (Chrono Boost)  
  51  5:37  Gateway  
  51  5:39  Pylon  
  51  5:40  Probe  
  52  5:47  Dark Templar x2  
  56  5:53  Protoss Ground Weapons Level 1 (Chrono Boost)  
  56  6:06  Stalker, Immortal  
  62  6:27  Dark Templar x2  
  66  6:47  Dark Templar x2  
  70  7:01  Immortal (Chrono Boost)  
  70  7:03  Stalker x2  
  70  7:04  Stalker  
  74  7:11  Gateway x2  
  70  7:24  Adept x2  
  72  7:30  Stalker x3  
  78  7:39  Pylon, Photon Cannon  
  82  7:44  Immortal (Chrono Boost)  
  82  7:47  Stalker  
  82  7:48  Stalker  
  86  7:53  Pylon  
  86  7:55  Photon Cannon  
  86  7:58  Pylon  
  86  8:01  Photon Cannon  
  86  8:05  Pylon, Photon Cannon  
  84  8:07  Stalker  
  84  8:12  Stalker x2  
  90  8:18  Stalker x2  
  94  8:24  Dark Templar  
  92  8:34  Stalker x2  
  91  8:58  Nexus  
  91  9:10  Pylon  
  91  9:20  Stalker x4  
Show
View Real Time Build Order
Export as new Build Order

LindyHop Zerg 

Build Orders: 3 Hatch before Pool 

Get SALT Encoding   

  12  0:01  Drone  
  13  0:12  Overlord  
  13  0:17  Drone  
  14  0:30  Drone x2  
  14  0:34  Drone  
  17  0:54  Hatchery  
  16  1:06  Drone x2  
  16  1:10  Extractor  
  16  1:11  Drone  
  18  1:38  Drone x2  
  20  1:41  Hatchery  
  20  1:42  Drone  
  20  1:56  Spawning Pool  
  20  1:58  Drone  
  20  2:00  Drone  
  21  2:19  Drone  
  22  2:54  Queen  
  22  2:55  Extractor  
  22  2:56  Hatchery  
  22  2:57  Queen  
  24  3:07  Overlord  
  24  3:09  Zergling x2  
  24  3:10  Spine Crawler, Zergling x2  
  25  3:20  Drone x3  
  25  3:25  Overlord  
  28  3:30  Metabolic Boost  
  28  3:37  Queen  
  30  3:44  Drone x4  
  34  3:50  Queen  
  36  3:57  Drone x2  
  36  4:02  Drone  
  39  4:15  Lair  
  39  4:18  Drone x5  
  39  4:22  Extractor  
  43  4:44  Drone x3  
  43  4:45  Overlord x2  
  46  5:02  Drone x4  
  46  5:05  Drone, Extractor  
  46  5:06  Drone x4, Extractor  
  53  5:17  Roach Warren  
  53  5:18  Spire  
  51  5:22  Spore Crawler  
  51  5:23  Drone x2  
  51  5:25  Drone  
  51  5:27  Overlord  
  53  5:34  Overseer  
  53  5:44  Overlord x4  
  53  5:54  Overlord  
  53  6:03  Drone  
  53  6:04  Drone x6  
  60  6:27  Zergling x6  
  60  6:28  Zergling x14  
  70  6:36  Mutalisk  
  70  6:37  Mutalisk x4  
  80  6:42  Overseer  
  62  6:56  Mutalisk x5  
  62  6:57  Mutalisk  
  67  7:04  Mutalisk  
  64  7:11  Spine Crawler  
  59  7:17  Drone x3  
  58  7:26  Drone  
  58  7:27  Drone x2  
  60  7:31  Drone  
  60  7:37  Drone  
  62  7:41  Mutalisk  
  63  7:48  Drone x2  
  63  7:49  Drone  
  66  7:53  Drone  
  67  7:58  Mutalisk  
  67  8:03  Drone x2  
  71  8:08  Drone x2  
  71  8:11  Spore Crawler  
  72  8:14  Drone x2  
  74  8:20  Spore Crawler  
  74  8:23  Drone x2  
  74  8:27  Drone x2  
  77  8:35  Drone x5  
  77  8:38  Drone  
  83  8:41  Drone x2  
  83  8:45  Drone x2  
  87  8:54  Zergling x12  
  93  8:59  Zergling x2  
  93  9:00  Zergling x2  
  93  9:01  Zergling x4  
  97  9:08  Zergling x2  
  97  9:09  Zergling x4  
  100  9:12  Zergling x2  
  98  9:20  Zergling x2  
  98  9:21  Zergling x2  
Tags
 
Add a new tag
Caveats
  • Supply blocks, unpowered buildings, or Contaminate may cause inaccurate times.
  • Supply counts are checked every 10 seconds.